Map: 애씨드 플랜트 - 래더

Players

lIlIIIlIllII

  • Race: Terran Terran
  • League: Grandmaster
  • Spawn Location: 5:00

INnoVation - Winner!

  • Race: Terran Terran
  • League: Grandmaster
  • Spawn Location: 11:00

VOD

Have the link to the VOD?

Description

Time

  • Played on: July 27, 2018, 8 a.m.
  • Length: 15:52
Show
View Real Time Build Order
Export as new Build Order

lIlIIIlIllII Terran 

Build Orders: Cyclone Opening, Mech 

Get SALT Encoding   

  12  0:00  SCV  
  13  0:12  SCV  
  14  0:17  Supply Depot  
  14  0:24  SCV  
  14  0:27  Refinery  
  15  0:38  SCV  
  16  0:44  Barracks  
  16  0:50  SCV  
  16  0:56  Refinery  
  17  1:02  SCV  
  18  1:14  SCV  
  19  1:30  Orbital Command  
  19  1:31  Factory  
  19  1:34  Reaper  
  20  1:45  Supply Depot  
  20  1:56  SCV  
  21  2:06  Reaper  
  21  2:08  SCV  
  23  2:15  Cyclone  
  23  2:20  SCV  
  27  2:30  Command Center  
  27  2:34  SCV  
  28  2:39  Supply Depot  
  28  2:47  Cyclone  
  28  2:49  Barracks Reactor  
  30  3:01  SCV  
  30  3:14  SCV  
  31  3:26  SCV  
  32  3:32  Cyclone x2  
  38  3:38  SCV  
  39  3:42  Orbital Command  
  39  3:47  Command Center  
  39  3:50  SCV  
  40  4:03  SCV  
  40  4:06  Cyclone x2  
  40  4:09  SCV  
  45  4:15  SCV  
  46  4:19  Refinery  
  46  4:21  Refinery, SCV  
  44  4:27  SCV  
  44  4:29  Barracks Tech Lab  
  45  4:33  SCV  
  46  4:39  SCV  
  46  4:44  Cyclone x2  
  47  4:47  SCV  
  47  4:51  SCV  
  49  4:59  Orbital Command, SCV  
  50  5:03  SCV  
  50  5:05  Factory  
  51  5:11  SCV  
  52  5:15  SCV  
  53  5:21  Refinery  
  53  5:23  Siege Tank, SCV  
  53  5:26  Barracks Reactor  
  53  5:27  SCV  
  58  5:29  Starport  
  58  5:35  SCV  
  59  5:40  SCV  
  59  5:42  Orbital Command, Supply Depot  
  60  5:44  Supply Depot  
  60  5:47  SCV  
  61  5:52  SCV  
  61  5:55  Siege Tank  
  61  5:56  Refinery  
  65  5:59  SCV  
  65  6:00  Refinery  
  65  6:01  Hellion  
  65  6:04  SCV, Hellion  
  71  6:05  Supply Depot  
  71  6:10  Armory x2, SCV  
  72  6:11  SCV  
  72  6:15  Viking x2  
  72  6:16  SCV  
  78  6:19  Engineering Bay  
  78  6:23  SCV x2  
  80  6:27  Hellion x2  
  80  6:28  SCV  
  80  6:30  Siege Tank  
  88  6:35  SCV x2  
  90  6:40  SCV  
  90  6:41  Supply Depot  
  90  6:43  Supply Depot  
  91  6:48  Missile Turret  
  91  6:52  Missile Turret  
  91  6:54  SCV x2, Factory  
  91  6:59  Sensor Tower  
  93  7:01  Terran Vehicle Weapons Level 1  
  93  7:02  SCV, Terran Vehicle And Ship Armor Level 1  
  93  7:07  Siege Tank  
  97  7:08  SCV x2  
  97  7:11  Supply Depot  
  97  7:15  SCV  
  100  7:17  Viking  
  89  7:34  Viking, Hellion x2  
  89  7:35  SCV x3  
  96  7:39  Siege Tank  
  96  7:43  Missile Turret  
  99  7:44  Missile Turret  
  99  7:45  Factory Tech Lab  
  99  7:49  SCV x3  
  102  7:51  Viking  
  102  7:55  Factory  
  102  7:57  Supply Depot x2, Factory  
  104  7:59  Hellion  
  104  8:01  Hellion  
  104  8:05  Siege Tank  
  111  8:12  Siege Tank  
  114  8:14  SCV x3  
  114  8:17  Missile Turret  
  114  8:18  Infernal Pre-Igniter  
  114  8:19  Supply Depot  
  117  8:22  Supply Depot  
  114  8:34  Hellion x2  
  107  8:37  Siege Tank, Viking x2  
  110  8:43  SCV x2  
  110  8:44  SCV  
  113  8:50  Siege Tank  
  113  8:52  Missile Turret  
  116  8:57  Terran Vehicle Weapons Level 2  
  116  8:59  Terran Vehicle And Ship Armor Level 2  
  116  9:01  Hellion  
  116  9:02  Hellion  
  123  9:08  Factory Reactor, Viking, Factory Tech Lab  
  123  9:09  Siege Tank  
  125  9:12  Viking  
  125  9:13  Command Center  
  127  9:25  Missile Turret x2  
  127  9:26  Thor  
  133  9:37  Missile Turret  
  133  9:38  Viking  
  133  9:39  Missile Turret  
  133  9:42  Viking  
  133  9:43  Missile Turret  
  133  9:44  Siege Tank  
  133  9:45  Hellion x2  
  144  9:49  Supply Depot  
  144  9:50  Supply Depot  
  144  9:52  Missile Turret  
  144  9:56  Siege Tank, Missile Turret  
  144  9:57  Hellion  
  149  10:11  Thor, Hellion  
  149  10:12  Hellion x2  
  161  10:17  Viking x2  
  161  10:18  Missile Turret  
  161  10:19  Siege Tank  
  165  10:35  Starport  
  165  10:36  Starport  
  165  10:38  Hellion x4  
  165  10:40  Supply Depot  
  165  10:41  Supply Depot  
  165  10:42  Supply Depot  
  173  10:43  Siege Tank  
  173  10:51  Siege Tank, Missile Turret  
  173  10:55  Planetary Fortress  
  176  11:02  Viking  
  178  11:05  Viking  
  178  11:06  Refinery, Thor x2  
  180  11:12  Sensor Tower  
  180  11:15  Refinery  
  180  11:18  Missile Turret  
  180  11:25  Siege Tank  
  183  11:27  Starport Reactor  
  183  11:33  Viking  
  183  11:35  Viking  
  187  11:40  Factory Tech Lab  
  187  11:43  Viking, Command Center  
  187  11:44  Command Center  
  187  11:45  Raven  
  191  11:54  Siege Tank  
  194  11:59  Siege Tank  
  197  12:03  Command Center  
  197  12:06  Siege Tank  
  200  12:26  Terran Vehicle Weapons Level 3  
  200  12:27  Terran Ship Weapons Level 1  
  193  13:02  Viking  
  193  13:03  Viking x3  
  191  13:08  Viking  
  184  13:20  Thor x2  
  184  13:24  Missile Turret  
  196  13:27  Missile Turret x2  
  196  13:31  Orbital Command  
  196  13:34  Viking x2  
  196  13:39  Corvid Reactor  
  200  13:59  Factory Reactor  
  200  14:01  Starport  
  200  14:04  Factory Reactor  
  200  14:06  Starport  
  200  14:11  Raven  
  200  14:12  Planetary Fortress, Viking x4  
  200  14:15  Refinery  
  152  14:42  Viking x4  
  152  14:44  Siege Tank x2  
  152  14:45  Siege Tank  
  154  14:48  Hellion x4  
  154  14:49  Viking x2  
  163  14:54  Raven  
  162  15:06  Planetary Fortress, Viking  
  164  15:14  Viking  
  164  15:15  Viking  
  168  15:24  Refinery, Missile Turret  
  168  15:25  Refinery  
  168  15:26  Missile Turret  
Show
View Real Time Build Order
Export as new Build Order

INnoVation Terran - Winner!

Build Orders: Cyclone Opening, MMM Bio 

Get SALT Encoding   

  12  0:00  SCV  
  13  0:13  SCV  
  14  0:17  Supply Depot  
  14  0:25  SCV  
  14  0:28  Refinery  
  15  0:39  SCV  
  16  0:45  Barracks  
  16  0:51  SCV  
  16  0:55  Refinery  
  17  1:03  SCV  
  18  1:15  SCV  
  19  1:32  Orbital Command, Factory  
  19  1:34  Reaper  
  20  1:43  Supply Depot  
  20  1:57  SCV  
  21  2:06  Reaper  
  22  2:09  SCV  
  22  2:15  Cyclone  
  26  2:21  SCV  
  27  2:32  Command Center  
  27  2:36  SCV  
  28  2:40  Barracks Reactor  
  28  2:43  Supply Depot  
  28  2:50  Cyclone  
  31  3:00  SCV  
  31  3:10  Supply Depot  
  31  3:12  SCV  
  32  3:24  SCV  
  33  3:29  Cyclone x2  
  39  3:36  SCV  
  40  3:44  Orbital Command  
  40  3:48  SCV  
  41  4:00  SCV  
  41  4:01  Cyclone x2  
  48  4:09  SCV  
  49  4:13  SCV  
  49  4:14  Command Center  
  50  4:18  Barracks Tech Lab  
  48  4:24  SCV  
  48  4:25  SCV, Barracks  
  49  4:37  SCV x2  
  49  4:38  Marine  
  52  4:39  Stimpack  
  52  4:41  Factory Reactor, Barracks  
  45  4:49  SCV x2  
  45  4:50  Engineering Bay  
  47  4:55  Engineering Bay, Marine  
  48  5:01  SCV x2  
  48  5:04  Bunker  
  50  5:07  Refinery  
  50  5:08  Refinery  
  50  5:13  SCV x2  
  52  5:22  Terran Infantry Weapons Level 1, Terran Infantry Armor Level 1  
  52  5:24  Marine  
  52  5:25  Marine x2  
  52  5:27  Factory Reactor, SCV  
  52  5:28  SCV  
  57  5:31  Orbital Command  
  57  5:36  Starport  
  57  5:40  SCV x2  
  57  5:42  Marauder  
  61  5:45  Marine x2  
  61  5:46  Marine  
  61  5:47  Marine  
  65  5:52  Supply Depot, SCV  
  65  5:53  Orbital Command  
  65  5:54  SCV  
  69  6:04  Marauder, Supply Depot, SCV  
  69  6:06  SCV, Marine x3  
  69  6:07  Marine  
  75  6:15  Factory Tech Lab  
  75  6:16  SCV  
  75  6:17  Medivac x2  
  75  6:18  SCV  
  81  6:20  SCV  
  82  6:27  Marauder, Supply Depot  
  82  6:30  Marine x4  
  88  6:35  Armory  
  88  6:39  Combat Shield  
  89  6:40  SCV x3  
  91  6:49  Marauder, Siege Tank  
  91  6:52  Marine x2  
  91  6:53  Marine x2  
  100  6:56  Supply Depot x2  
  100  7:06  Barracks  
  100  7:08  Barracks  
  100  7:11  SCV  
  101  7:18  Supply Depot, SCV x2, Medivac x2  
  101  7:20  Supply Depot  
  101  7:21  Siege Tank  
  103  7:25  Marauder  
  103  7:26  Marine x4  
  97  7:31  SCV x3  
  97  7:36  Terran Infantry Weapons Level 2  
  96  7:38  Terran Infantry Armor Level 2  
  96  7:42  Refinery  
  96  7:43  Refinery  
  96  7:44  SCV x2  
  96  7:45  SCV  
  96  7:49  Marauder  
  96  7:50  Marine x4  
  105  7:54  Barracks Tech Lab x2  
  105  7:56  SCV  
  105  7:57  SCV x2  
  108  8:07  Marine, Concussive Shells  
  108  8:08  Marine x3  
  108  8:09  Supply Depot  
  108  8:10  Marauder, Medivac x2  
  118  8:14  SCV x3  
  118  8:16  Marauder x2  
  118  8:18  Terran Vehicle And Ship Armor Level 1  
  119  8:31  Marine x4  
  119  8:32  Marauder  
  121  8:37  Marauder x2  
  121  8:38  Siege Tank  
  122  8:42  Command Center  
  122  8:47  Barracks x2, Medivac x2  
  123  8:48  SCV  
  123  8:50  Barracks  
  123  8:51  SCV x2  
  126  8:58  Marauder x3  
  126  9:01  Marine x3  
  126  9:02  Marine  
  136  9:04  SCV x3  
  136  9:08  Supply Depot  
  139  9:10  Supply Depot  
  139  9:17  Viking  
  141  9:29  SCV x2, Marine x4  
  141  9:30  Marauder  
  149  9:31  Siege Tank, SCV  
  149  9:32  Marauder x2  
  149  9:34  Supply Depot  
  149  9:35  Supply Depot  
  157  9:40  Barracks Tech Lab x2, Barracks Reactor  
  157  9:51  Starport x2  
  157  9:54  Fusion Core, SCV x3, Viking x2  
  157  9:55  Orbital Command  
  157  9:59  Refinery x2  
  164  10:03  Marauder x2  
  164  10:04  Marauder  
  164  10:05  Marauder  
  172  10:07  Marauder  
  172  10:10  Siege Tank  
  176  10:15  Supply Depot  
  176  10:16  Supply Depot  
  176  10:20  Marine x3  
  176  10:21  Marine x2  
  181  10:23  Viking x2  
  184  10:31  Command Center  
  183  10:39  Sensor Tower  
  183  10:41  Starport Reactor, Starport Tech Lab  
  183  10:42  Sensor Tower  
  183  10:53  Viking x2  
  187  10:59  Advanced Ballistics  
  187  11:00  Raven  
  187  11:02  Starport  
  187  11:03  Starport  
  188  11:07  Command Center x2  
  188  11:18  Viking x2  
  190  11:20  Terran Vehicle And Ship Armor Level 2  
  190  11:25  Armory  
  192  11:27  Command Center  
  192  11:28  Refinery  
  192  11:29  Command Center  
  192  11:31  Terran Infantry Weapons Level 3  
  192  11:32  Refinery  
  192  11:38  Terran Infantry Armor Level 3  
  192  11:43  Starport Reactor x2  
  192  11:54  Raven  
  192  11:55  Viking  
  192  11:58  Viking  
  198  12:02  Viking  
  200  12:13  Command Center  
  197  12:16  Viking  
  197  12:18  Planetary Fortress  
  197  12:20  Orbital Command x2  
  199  12:33  Terran Ship Weapons Level 1  
  199  12:34  Sensor Tower  
  199  12:35  Missile Turret  
  199  12:36  Missile Turret  
  199  12:41  Orbital Command x2, Command Center  
  199  12:44  Corvid Reactor  
  199  12:45  Liberator x2  
  199  12:48  Liberator  
  199  12:51  Liberator  
  199  12:54  Raven, Viking x2  
  199  12:55  Viking  
  199  12:57  Liberator  
  181  13:16  Siege Tank  
  189  13:20  Marauder  
  189  13:27  Planetary Fortress  
  189  13:37  Raven  
  189  13:40  Viking x2  
  197  13:41  Marauder  
  197  13:42  Marine  
  197  13:43  Marauder  
  197  13:45  Refinery  
  200  13:48  Refinery  
  200  13:58  Refinery  
  200  13:59  Refinery  
  200  14:11  Structure Armor  
  200  14:14  Liberator x3  
  200  14:15  Hi-Sec Auto Tracking  
  200  14:17  Liberator  
  200  14:19  Liberator  
  200  14:20  Liberator x2  
  200  14:23  Liberator  
  196  14:34  Raven  
  200  14:47  Missile Turret  
  200  14:51  Planetary Fortress  
  200  15:02  Command Center  
  200  15:04  Command Center  
  200  15:23  Barracks  
  200  15:24  Barracks  
  200  15:25  Barracks  
  200  15:26  Barracks  
Tags
 
Add a new tag
Caveats
  • Supply blocks, unpowered buildings, or Contaminate may cause inaccurate times.
  • Supply counts are checked every 10 seconds.